 Dungeon Crawl Stone Soup version 0.28-a0-1199-gef9e1dbd39 (webtiles) character file.

Game seed: 1411559774608038125

177 ChaosChampion the Insei (level 5, 0/44 HPs)
             Began as a Draconian Transmuter on Dec 19, 2021.
             Killed by divine providence
             ... invoked by an orc priest
              (12 damage)
             ... on level 4 of the Dungeon.
             The game lasted 00:04:47 (4318 turns).

ChaosChampion the Insei (Draconian Transmuter)      Turns: 4318, Time: 00:04:47

Health: 0/44       AC:  5    Str: 12    XL:     5   Next: 31%
Magic:  6/8        EV: 12    Int: 15    God:
Gold:   94         SH:  0    Dex: 12    Spells: 5/8 levels left

rFire   + . .      SeeInvis .     - Unarmed
rCold   + . .      Faith    .   (no shield)
rNeg    . . .      Spirit   .   (armour unavailable)
rPois   .          Reflect  .   (helmet currently unavailable)
rElec   .          Harm     .   a - scarf {rC+ rF+}
rCorr   .          Rampage  .   (no gloves)
Will    .....                   (boots currently unavailable)
Stlth   +.........              (no amulet)
HPRegen 0.14/turn               (no ring)
MPRegen 0.11/turn               (no ring)

@: lethally poisoned (0 -> -3), appendages (expiring)
A: horns 2, talons 2, AC +5, unfitting armour, cold-blooded, mutation resistance
1
a: End Transformation


You were on level 4 of the Dungeon.
You had temporarily grown beastly horns and talons.
You visited 1 branch of the dungeon, and saw 4 of its levels.

You collected 94 gold pieces.

Inventory:

Armour
 a - a scarf of resistance (worn)
Jewellery
 d - a ring of poison resistance
Scrolls
 j - a scroll of holy word {unknown}
Potions
 b - a potion of lignification
 c - a potion of cancellation
 f - 2 potions of heal wounds {unknown}
 g - a potion of berserk rage
 i - 2 potions of resistance {unknown}
 k - a potion of brilliance {unknown}


   Skills:
 + Level 2.9 Fighting
 + Level 3.0 Dodging
 * Level 4.7 Unarmed Combat
 - Level 2.0 Spellcasting
 - Level 2.0 Transmutations


You had 5 spell levels left.
You knew the following spells:

 Your Spells              Type           Power      Damage    Failure   Level
a - Beastly Appendage     Tmut           14%        N/A       10%         1
b - Wereblood             Tmut           7%         N/A       14%         2

Your spell library contained the following spells:

 Spells                   Type           Power      Damage    Failure   Level
 Spider Form              Tmut/Pois      4%         N/A       41%         3
 Ice Form                 Ice/Tmut       4%         N/A       82%         4


Dungeon Overview and Level Annotations

Branches:
Dungeon (4/15)
 Temple: D:4-7

Altars:
Makhleb


Innate Abilities, Weirdness & Mutations

You have temporarily grown beastly horns and talons.
Your plain brown scales are hard. (AC +5)
You cannot fit into any form of body armour.
You are cold-blooded and may be slowed by cold attacks.
You are somewhat resistant to further mutation.


Message History

Casting: Wereblood (safe; 14% risk of failure)
Confirm with . or Enter, or press ? or * to list all spells.
You grow a pair of large bovine horns.
Your feet morph into talons.
The ball python hisses angrily.
You hear a shout!
An orc wizard comes into view. It is wielding a +0 dagger.
Found 10 gold pieces.
The orc wizard shouts!
An adder comes into view.
The orc priest invokes the aid of Beogh against you.
Beogh smites you!
Casting: Beastly Appendage (safe; 10% risk of failure)
Confirm with . or Enter, or press ? or * to list all spells.
You miscast Wereblood.
You are very lightly contaminated with residual magic.
Nothing appears to happen.
The orc priest invokes the aid of Beogh against you.
Pain shoots through your body!
The orc wizard gestures wildly while chanting.
The orc wizard flickers and vanishes!
Deactivating autopickup; reactivate with Ctrl-A.
You are too injured to fight recklessly!
Your transformation is almost over.
The orc wizard mumbles some strange words.
The orc wizard flickers and vanishes!
The ball python bites you. The ball python grabs you.
The ball python constricts you.
The ball python's grasp on you weakens, but your attempt to escape fails.
The ball python loses its grip on you.
Your magical contamination has completely faded away.
The adder bites you.
You are poisoned.
The adder poisons you!
You feel sick.
You feel sick.
You feel sick. The adder bites you.
* * * LOW HITPOINT WARNING * * *
You feel sick.
The orc priest invokes the aid of Beogh against you.
Beogh smites you!
You die...

.....o..... .# #.......
##.####...... #
##..#....##.##
...########..##{####
#...............#
#######..####........###
...#.. ###...S..o##
...#####...@.S...# .
####.#.)...#.......#
..##......#####.......#
.....#†#..# #.......#
....<..##..# #######...
...#######.# .#.. .. .#
#..# . .# .#


You could see an orc priest, an adder and a ball python.

Vanquished Creatures
  A centaur zombie (D:3)
  4 gnolls
  5 adders
  2 worms (D:2)
  3 dart slugs
  2 ball pythons
  4 bats
  8 endoplasms
  2 giant cockroaches (D:1)
  3 goblins
  3 hobgoblins
  2 jackals (D:3)
  A kobold (D:3)
  3 quokkas (D:1)
  3 frilled lizards
  4 rats
50 creatures vanquished.

Notes
Turn   | Place    | Note
-------+----------+-------------------------------------------
     0 | D:1      | ChaosChampion the Draconian Transmuter began the quest for
                  | the Orb.
     0 | D:1      | Reached XP level 1. HP: 16/16 MP: 3/3
   274 | D:1      | Reached XP level 2. HP: 19/23 MP: 3/5
   334 | D:1      | Learned a level 2 spell: Wereblood
  1145 | D:2      | Found a faded altar of an unknown god.
  1299 | D:2      | Reached XP level 3. HP: 26/29 MP: 2/6
  1697 | D:3      | Reached skill level 4 in Unarmed Combat
  1862 | D:3      | Noticed a black bear
  2062 | D:3      | Reached XP level 4. HP: 36/36 MP: 3/7
  3133 | D:3      | Reached XP level 5. HP: 24/40 MP: 3/8
  3399 | D:3      | Found a burning altar of Makhleb.
  4250 | D:4      | Gained mutation: You are somewhat resistant to further
                  | mutation. [potion of mutation]
  4318 | D:4      | Killed from afar by an orc priest

Illustrated notes

Levels and vault maps discovered:
D:1:      dpeg_arrival_yet_another_circle, layout_loops_ring
D:2:      layout_rooms, shapermc_ecumenical_altar_ellora, solitary_fountain
D:3:      layout_loops_cross, mainiacjoe_overflow_chevrons
D:4:      layout_rooms, minmay_temple_entry_fiery, uniq_sigmund

Skill      XL: |  1  2  3  4  5 |
---------------+----------------+-----
Dodging        | 2 3 |  3.0
Fighting       | 2 |  2.9
Unarmed Combat | 4 |  4.7
Spellcasting   | |  2.0
Transmutations | |  2.0

Action                   |  1- 3 |  4- 6 || total
-------------------------+-------+-------++-------
Melee: Unarmed           |    86 |    65 ||   151
       Kick              |    14 |    14 ||    28
       Headbutt          |    15 |     8 ||    23
       Tailslap          |     5 |     6 ||    11
       Punch             |       |     1 ||     1
 Cast: Beastly Appendage |    24 |    13 ||    37
       Wereblood         |     9 |     7 ||    16
  Use: Scroll            |       |     5 ||     5
       Potion            |       |     1 ||     1
 Stab: Sleeping          |     1 |       ||     1
Armor: Skin              |    20 |    18 ||    38
Dodge: Dodged            |    49 |    47 ||    96

Table legend: (Time is in decaauts)
 A = Elapsed time spent in this place.
 B = Non-inter-level travel time spent in this place.
 C = Inter-level travel time spent in this place.
 D = Time resting spent in this place.
 E = Time spent auto-exploring this place.
 F = Levels seen in this place.
 G = Mean time per level.
                   A        B        C        D        E       F      G
               +--------+--------+--------+--------+--------+-----+--------+
         Total |   4312 |   4183 |    129 |    894 |   2478 |   4 | 1078.0 |
       Dungeon |   4312 |   4183 |    129 |    894 |   2478 |   4 | 1078.0 |
               +--------+--------+--------+--------+--------+-----+--------+

Top non-repeatable levels by time:
     D:2: 1606 daAuts
     D:3: 1605 daAuts
     D:1: 1022 daAuts
     D:4: 78 daAuts
